Unix NetHack Version 5.0.0-0 post-release - last build May 22 2026 02:22:16 (99d1c3b6dc4b13757aaa5824b55bdea4e1e63757,branch:main).

Game began 2026-05-18 12:28:10, ended 2026-05-22 14:11:17.

Jeroenix, neutral male human Monk

      ---------                                     --------------
      |.......|                                     |.............
      |..{....-#        ------------               #.............|
      |..."...|#        |..........|               #|............|
      |.......|#        |..........|               #|<...........|
      ----.----#       #...........|               #--------------
          #    #       #----------.-               ##
        ###    #       #          #                 #
        #      #       #          ###               #
      ###      #      ##  ----------.---            #
      #       ##     ##   |......<.....|            #
      )       #      #    |..........^%-##          #
   ####       #      #    |............|##         #0################)###
 --.------    #-----##    --------------##    ------#                   #
 |.....%.|    #..%.|#                   ######-.....#              ######
 |........#####|.uB.#                         |....|               #
 |.......|    #.@..|                          |....-###############0
 ---------     -----                          |....|
                                              ------

Jeroenix the Initiate           St:18 Dx:15 Co:11 In:10 Wi:10 Ch:14  Neutral
Dlvl:9  $:2620 HP:0(44) Pw:39(39) AC:2  Xp:7 T:4098  Burdened

Latest messages:
 You see here an ape corpse.
 You see here a scroll labeled PRATYAVAYAH.
 You have a little trouble lifting L - a scroll labeled PRATYAVAYAH.
 You hear a gurgling noise.
 You have a little trouble lifting $ - 46 gold pieces (2529 in total).
 You hit the giant spider!
 You hit the giant spider!
 The giant spider bites!
 The giant spider bites!
 You kill the giant spider!
 You see here a giant spider corpse.
 What do you want to drink? [fmoIMV or ?*] ?
 You feel better.
 You see here a credit card.
 You have a little trouble lifting N - a credit card.
 You hit the wood golem!
 You hit the wood golem!
 You hit the wood golem!
 You hit the wood golem!
 You hit the wood golem!
 You hit the wood golem!
 You destroy the wood golem!
 There are several objects here.
 You have a little trouble lifting S - a staff.
 You see here a looking glass.
 You see here a scroll labeled FOOBIE BLETCH.
 You stumble into a spider web!
 You have a little trouble lifting U - a scroll labeled FOOBIE BLETCH.
 You disentangle yourself.
 You see here a looking glass.
 You have a little trouble lifting W - a looking glass.
 You have a little trouble lifting $ - 91 gold pieces (2620 in total).
 This door is locked.
 Unlock it with your credit card? [ynq] (q) y
 You succeed in picking the lock.
 The door opens.
 The white unicorn butts!
 The white unicorn kicks!
 You miss the white unicorn.
 You hit the white unicorn!
 The white unicorn butts!
 The white unicorn kicks!
 The white unicorn butts!
 The white unicorn kicks!
 You hit the white unicorn!
 The white unicorn butts!
 The white unicorn kicks!
 The white unicorn butts!
 You die...
 Do you want your possessions identified? [ynq] (y) q

Inventory:
 Coins    ('$')
  $ - 2620 gold pieces
 Amulets  ('"')
  u - a cursed amulet of life saving
  Z - a cursed amulet of strangulation
 Weapons  (')')
  D - 2 +0 shuriken (at the ready)
  r - a +1 dagger
  y - 3 +0 daggers
  e - a +0 elven dagger
  n - a +0 long sword
  S - a +0 quarterstaff
 Armor    ('[')
  a - an uncursed +2 pair of leather gloves (being worn)
  s - an uncursed +0 pair of iron shoes
  O - an uncursed +0 pair of iron shoes (being worn)
  z - an uncursed +0 dwarvish cloak
  b - an uncursed +1 robe (being worn)
  C - an uncursed +0 studded leather armor
 Comestibles  ('%')
  p - an uncursed cram ration
 Scrolls  ('?')
  x - a blessed scroll of create monster
  L - an uncursed scroll of enchant armor
  A - 2 uncursed scrolls of enchant weapon
  U - an uncursed scroll of food detection
  c - an uncursed scroll of gold detection
  l - an uncursed scroll of identify
  h - an uncursed scroll of light
  Y - an uncursed scroll of punishment
  B - a cursed scroll of remove curse
  t - an uncursed scroll of scare monster
  q - a blessed scroll of teleportation
  v - an uncursed scroll of teleportation
  G - a cursed scroll of teleportation
 Spellbooks  ('+')
  i - a blessed spellbook of confuse monster
 Potions  ('!')
  m - 2 uncursed potions of gain energy
  M - an uncursed potion of gain level
  V - a blessed potion of hallucination
  f - an uncursed potion of monster detection
  o - an uncursed potion of water
 Wands    ('/')
  g - a wand of slow monster (0:5)
  R - a wand of striking (0:5)
 Tools    ('(')
  k - an uncursed credit card
  N - an uncursed credit card
  w - an uncursed magic whistle
  J - an uncursed magic whistle
  W - an uncursed mirror
  d - a +0 pick-axe
  K - an uncursed tallow candle
  j - an uncursed tin whistle
  P - an uncursed tin whistle
 Gems/Stones  ('*')
  F - an uncursed jade stone
  T - an uncursed topaz stone
  E - an uncursed worthless piece of black glass
  H - 2 uncursed worthless pieces of red glass
  Q - an uncursed worthless piece of yellowish brown glass

Jeroenix the Monk's attributes:

Background:
 You were an Initiate, a level 7 male human Monk.
 You were neutral, nominally on a mission for Chih Sung-tzu
 who was opposed by Shan Lai Ching (lawful) and Huan Ti (chaotic).
 You were right-handed.
 You were in the Dungeons of Doom, on level 9.
 You entered the dungeon 4098 turns ago.
 You had 1191 experience points, 89 more were needed to attain level 8.

Basics:
 You had 0 out of 44 hit points.
 You had all 39 energy points (spell power).
 Your armor class was 2.
 Your wallet contained 2620 zorkmids.
 Autopickup was on for '$' plus thrown.

Final Characteristics:
 Your strength was 18 (limit:18/100).
 Your dexterity was 15 (limit:18).
 Your constitution was 11 (limit:18).
 Your intelligence was 10 (limit:18).
 Your wisdom was 10 (limit:18).
 Your charisma was 14 (limit:18).

Final Status:
 You weren't hungry.
 You were burdened; movement was slightly slowed.
 You were empty handed.
 You were skilled in martial arts.

Final Attributes:
 You were piously aligned.
 You were sleep resistant.
 You were poison resistant.
 You saw invisible.
 You were telepathic.
 You were warned.
 You were stealthy.
 You were guarded.
 Your spell casting was enhanced by wearing a robe.
 You were fast.
 You are dead.

Miscellaneous:
 You didn't encounter any bones levels.
 Total elapsed playing time was 1 hour, 46 minutes and 3 seconds.

Major events:
 Turn
    1: Jeroenix the neutral male human Monk entered the dungeon
 1227: attained the rank of Novice (level 3)
 1894: entered the Gnomish Mines
 1935: attained the rank of Initiate (level 6)
 4098: killed by a white unicorn

Spells:
 Name                 Level Category     Fail Retention
 confuse monster        1   enchantment    0%  76%-100%

Skills:
 Fighting Skills
   martial arts       [Skilled]
 Weapon Skills
   quarterstaff       [Unskilled]
   spear              [Unskilled]
   crossbow           [Unskilled]
   shuriken           [Unskilled]
 Spellcasting Skills
   attack spells      [Unskilled]
   healing spells     [Basic]
   divination spells  [Unskilled]
   enchantment spells [Unskilled]
   clerical spells    [Unskilled]
   escape spells      [Unskilled]
   matter spells      [Unskilled]

Voluntary challenges:
 Character rerolling was not enabled.
 You were an atheist.
 You never genocided any monsters.
 You never polymorphed an object.
 You never changed form.
 You used no wishes.
Achievements:
 You attained the rank of Novice.
 You entered a shop.
 You entered the Gnomish Mines.
 You attained the rank of Initiate.

 The Dungeons of Doom: levels 1 to 9
    Level 1:
       A fountain.
    Level 2:
       Some fountains.
    Level 3:
       Some fountains.
       Stairs down to The Gnomish Mines.
    Level 4:
    Level 5:
       An armor shop, a fountain, a sink.
    Level 6:
    Level 7:
       A fountain.
    Level 8:
       Many fountains.
    Level 9: <- You were here.
       A fountain.
       Final resting place for
          you, killed by a white unicorn.
 The Gnomish Mines:
    Level 4:


Vanquished creatures:
  2 small mimics
  a wood golem
  a giant beetle
  a quivering blob
  a wolf
  2 winter wolf cubs
  3 leprechauns
 an iron piercer
  a giant spider
  a vampire bat
  a werewolf
  a dingo
  a gnome mummy
 an ape
  a bugbear
 an Uruk-hai
  a pony
  2 yellow lights
  a shrieker
  2 gnome leaders
  a barrow wight
  3 giant ants
  a little dog
  3 floating eyes
  6 dwarves
  2 hill orcs
  a rothe
  2 dwarf zombies
  a wererat
  2 werejackals
  5 iguanas
 an acid blob
  a gas spore
  4 hobbits
  2 manes
  2 hobgoblins
  2 brown molds
  2 red molds
 10 gnomes
  4 garter snakes
  3 geckos
 11 jackals
  2 foxes
  3 grid bugs
  4 lichens
  a kobold zombie
  4 newts
109 creatures vanquished.

No species were genocided or became extinct.

Game over:
                       ----------
                      /          \
                     /    REST    \
                    /      IN      \
                   /     PEACE      \
                  /                  \
                  |     Jeroenix     |
                  |     2620 Au      |
                  |   killed by a    |
                  |  white unicorn   |
                  |                  |
                  |                  |
                  |       2026       |
                 *|     *  *  *      | *
        _________)/\\_//(\/(/\)/\//\/|_)_______

Goodbye Jeroenix the Monk...

You died in The Dungeons of Doom on dungeon level 9 with 7522 points,
and 2620 pieces of gold, after 4098 moves.
You were level 7 with a maximum of 44 hit points when you died.

